 Dungeon Crawl Stone Soup version 0.31-a0-675-g238779e (webtiles) character file.

Game seed: 6300708123145929707

171857 BarneyGumball the Summoner (level 17, -2/129 HPs)
             Began as a Mummy Hedge Wizard on Aug 31, 2023.
             Was an Initiate of Gozag.
             Shot with an arrow by a deep elf knight (16 damage)
             ... on level 1 of the Elven Halls on Sept 5, 2023.
             The game lasted 04:38:07 (36412 turns).

BarneyGumball the Summoner (Mummy Hedge Wizard)    Turns: 36412, Time: 04:38:07

Health: -2/129     AC: 11    Str: 14    XL:     17   Next: 15%
Magic:  0/32       EV: 13    Int: 21    God:    Gozag
Gold:   318        SH:  7    Dex:  7    Spells: 6/38 levels left

rFire   + . .        d - +8 demon trident "Rift" {distort, reach+}
rCold   + . .        o - +3 warlock's mirror {omnireflect}
rNeg    + + +        O - +2 robe {rF+}
rPois   ∞            E - +1 helmet {SInv}
rElec   +            g - +0 cloak
rCorr   .            N - +0 pair of gloves
SInv    +            z - +1 pair of boots {Fly}
Will    +++..        D - amulet of regeneration
Stlth   +            J - ring of Paihasob {Fire +Blink rElec Dex-4 Stlth-}
HPRegen 1.21/turn    r - ring "Fuxith" {rPois rC+ Will+}
MPRegen 0.23/turn

%: reflection, faith
@: mighty, brilliant, gold aura, flying
A: cold resistance 1, negative energy resistance 3, torment resistance 2, heat
vulnerability 1, in touch with death 2, no potions, faith
}: 1/15 runes: barnacled
a: Renounce Religion, Evoke Blink, Potion Petition, Call Merchant, Bribe Branch


You were on level 1 of the Elven Halls.
You worshipped Gozag.
Gozag was aware of your devotion.
You visited 6 branches of the dungeon, and saw 28 of its levels.
You also visited: Bailey.

You collected 8806 gold pieces.
You spent 2447 gold pieces at shops.
You paid 6041 gold pieces to Gozag.

Inventory:

Hand Weapons
 d - the +8 demon trident "Rift" (weapon) {distort, reach+}
   (You found it on level 4 of the Dungeon)
Missiles
 t - 6 throwing nets
 v - 13 poisoned darts (quivered)
Armour
 g - a +0 cloak (worn)
 o - the +3 warlock's mirror (worn) {omnireflect}
   (You acquired it on level 5 of the Dungeon)

   Omnireflect: It can block and reflect piercing ranged attacks and magical
   attacks against the wielder's willpower.
 y - a +1 robe of willpower
 z - a +1 pair of boots of flying (worn)
 E - a +1 helmet of see invisible (worn)
 M - an orb of guile
 N - a +0 pair of gloves (worn)
 O - a +2 robe of fire resistance (worn)
 P - the +1 leather armour "Qeuqatott" {rC+ rN+}
   (You bought it in a shop on level 1 of the Shoals)

   rC+:       It protects you from cold.
   rN+:       It protects you from negative energy.
Jewellery
 e - a ring of flight
 i - a ring of fire
 l - a ring of protection from fire
 p - a ring of ice
 q - a ring of protection from fire
 r - the ring "Fuxith" (right hand) {rPois rC+ Will+}
   (You bought it in a shop on level 3 of the Lair of Beasts)

   [ring of willpower]

   rC+:       It protects you from cold.
   rPois:     It protects you from poison Will+: It increases your willpower.
 x - a +5 ring of evasion
 D - an amulet of regeneration (around neck)
 H - a ring of protection from fire
 J - the ring of Paihasob (left hand) {Fire +Blink rElec Dex-4 Stlth-}
   (You found it on level 12 of the Dungeon)

   [ring of fire]

   Fire:      It enhances your fire magic.
   Dex-4:     It affects your dexterity (-4).
   rF+:       It protects you from fire.
   rC-:       It makes you vulnerable to cold.
   rElec:     It insulates you from electricity.
   +Blink:    It lets you blink.
   Stlth-:    It makes you less stealthy.
Wands
 a - a wand of roots (18)
 b - a wand of polymorph (15)
 h - a wand of paralysis (26)
 n - a wand of mindburst (19)
 C - a wand of flame (35)
 L - a wand of digging (10)
Scrolls
 c - 4 scrolls of fear
 f - 3 scrolls of fog
 k - 8 scrolls of enchant armour
 m - 2 scrolls of vulnerability
 s - 6 scrolls of amnesia
 u - a scroll of revelation
 w - 3 scrolls of immolation
 B - a scroll of torment
 F - 2 scrolls of enchant weapon
 G - a scroll of noise
 K - a scroll of silence
Miscellaneous
 A - a lightning rod (4/4)


   Skills:
 + Level 10.7 Fighting
 - Level 12.5 Polearms
 - Level 4.0 Armour
 + Level 7.7 Dodging
 - Level 4.0 Stealth
 - Level 6.0 Shields
 - Level 11.0 Spellcasting
 - Level 6.0 Conjurations
 - Level 8.0 Hexes
 + Level 14.3 Summonings
 - Level 4.0 Translocations
 - Level 5.0 Ice Magic
 - Level 4.0 Air Magic
 - Level 5.0 Earth Magic
 - Level 4.0 Poison Magic


You had 6 spell levels left.
You knew the following spells:

 Your Spells              Type           Power      Damage    Failure   Level
a - Magic Dart            Conj           100%       1d8       1%          1
b - Call Imp              Summ           100%       N/A       1%          2
c - Call Canine Familiar  Summ           82%        N/A       1%          3
d - Summon Mana Viper     Hex/Summ       73%        N/A       1%          5
e - Mephitic Cloud        Conj/Pois/Air  46%        N/A       3%          3
f - Stone Arrow           Conj/Erth      100%       3d13      2%          3
g - Frozen Ramparts       Ice            96%        1d15      2%          3
h - Blink                 Tloc           84%        N/A       2%          2
i - Monstrous Menagerie   Summ           41%        N/A       17%         7
j - Tukima's Dance        Hex            61%        N/A       1%          3

Your spell library contained the following spells:

 Spells                   Type           Power      Damage    Failure   Level
 Freeze                   Ice            100%       1d10      1%          1
 Sandblast                Erth           96%        2d20      1%          1
 Shock                    Conj/Air       100%       1d9       1%          1
 Slow                     Hex            100%       N/A       1%          1
 Confusing Touch          Hex            61%        N/A       1%          3
 Portal Projectile        Hex/Tloc       100%       N/A       1%          3
 Summon Ice Beast         Ice/Summ       68%        N/A       1%          4
 Kiss of Death            Conj/Necr      100%       2d13      2%          1
 Hailstorm                Conj/Ice       51%        3d11      2%          3
 Cigotuvi's Dreadful Rot  Necr/Pois/Air  100%       N/A       3%          2
 Passwall                 Tmut/Erth      27%        N/A       4%          2
 Swiftness                Air            42%        N/A       4%          3
 Leda's Liquefaction      Hex/Erth       27%        N/A       4%          4
 Necrotise                Necr           100%       1d9       8%          1
 Iskenderun's Mystic Bla  Conj/Tloc      48%        2d11      10%         4
 Airstrike                Air            21%        2d(3-19)  14%         4
 Manifold Assault         Tloc           42%        N/A       14%         4
 Iskenderun's Battlesphe  Conj           53%        2d10      17%         5
 Vampiric Draining        Necr           38%        2d8       22%         3
 Fireball                 Conj/Fire      26%        3d12      52%         5
 Dispel Undead            Necr           38%        3d16      58%         4
 Conjure Ball Lightning   Conj/Air       24%        3x3d7     82%         6
 Agony                    Necr           38%        N/A       90%         5
 Dispersal                Tloc           21%        N/A       91%         6
 Orb of Destruction       Conj           26%        9d9       99%         7
 Disjunction              Tloc           21%        N/A       100%        8


Dungeon Overview and Level Annotations

Branches:
Dungeon (15/15)            Temple (1/1) D:6            Lair (5/5) D:11
 Shoals (4/4) Lair:2       Spider (0/4) Lair:2        Slime (0/5) Lair:5
    Orc (2/2) D:12            Elf (1/3) Orc:2        Depths (0/4) D:15
 Bailey (visited)
 Vaults: D:13-14

Altars:
Ashenzari
Cheibriados
Dithmenos
Fedhas
Gozag
Hepliaklqana
Kikubaaqudgha
Makhleb
Nemelex Xobeh
Okawaru
Qazlal
Ru
Sif Muna
Trog
Uskayaw
Vehumet
Wu Jian
Xom
Yredelemnul

Shops:
D:2 (   D:6 *   D:9 [   D:12 (   D:13 (   Orc:1 =   Orc:2 =(?*   Lair:3 =
Shoals:1 [***   Shoals:2 [

Portals:
Pandemonium: Orc:2

Annotations:
D:7 exclusion: ice statue
D:12 Azrael
Shoals:3 2 transporters, 3 runed translucent doors, exclusion: orange crystal statue, Bai Suzhen; Loups's ghost, adept GnWn
Orc:1 2 transporters, Xoyrphia's ghost, journeyman HuWn
Orc:2 3 runed translucent doors, Donald; Dorkslayer's ghost, journeyman HOFi
Abyss:1 Ilsuiw


Innate Abilities, Weirdness & Mutations

You are immune to poison.
Your flesh is cold resistant. (rC+)
You are immune to negative energy. (rN+++)
You are immune to unholy pain and torment.
You are vulnerable to heat. (rF-)
You are strongly in touch with the powers of death.
You do not drink.
You have a special connection with the divine. (Faith)


Message History

[b] - 364 gold - might, brilliance and heal wounds [c] - 870 gold - resistance, might, haste and heal wounds Purchase which effect?
You don't have enough gold for that! [a] - 400 gold - might, brilliance and invisibility [b] - 364 gold - might, brilliance and heal wounds [c] - 870 gold - resistance, might, haste and heal wounds Purchase which effect?
You no longer have enough gold to petition Gozag for potion effects.
You feel very mighty all of a sudden.
You feel clever all of a sudden.
You feel much better.
You block the +2 antimagic war axe's attack.
The +2 antimagic war axe misses your mana viper.
The deep elf knight hits your mana viper with a +0 short sword!
Your mana viper misses the +2 antimagic war axe.
You hit the +2 antimagic war axe.
Space warps around the +2 antimagic war axe.
The +2 antimagic war axe is heavily damaged.
The deep elf knight hits your mana viper with a +0 short sword!
The +2 antimagic war axe hits you!!
* * * LOW HITPOINT WARNING * * *
The +2 antimagic war axe completely misses your mana viper.
Your mana viper barely misses the +2 antimagic war axe.
Press: ? - help, v - describe, . - travel
Here: a +2 antimagic war axe (poison gas, heavily damaged, ally target)
The floor.
You can't drink.
You impale the +2 antimagic war axe!!
The +2 antimagic war axe turns to gold and falls from the air.
The deep elf knight hits your mana viper with a +0 short sword!!
Your mana viper barely misses the deep elf knight.
Your mana viper misses the deep elf knight.
The deep elf knight hits your mana viper with a +0 short sword!!
Your mana viper dies!
Your mana viper disappears in a puff of smoke!
The deep elf knight shoots an arrow.
The arrow closely misses the deep elf knight.
The arrow hits you!
You die...
Your body crumbles into a pile of gold.

######################
##.......#☼§☼§§§#§§§§.##
#####........§☼§☼§§○§○§§○..######
....'........☼§§§☼§☼§☼☼§☼...'...#
....'........#☼☼§§§§○§§☼○...'....
..###.......###☼@§§§§§§§§...###..
..# #......## ##§§☼§e§§§§...# #..
..# #.....## ######e§§§...# #..
..# ####### ##..§...###.. ..#
##....>+.... ..# ##....###.. ###
#e#### #.. #.######). #...e.(e..


You could see 2 deep elf knights.

Vanquished Creatures
  Kirke (D:11)
  Aizul (Shoals:3)
  A deep elf sorcerer (Elf:1)
  Louise (Elf:1)
  2 merfolk javelineers (Shoals:4)
  7 merfolk impalers
  3 hydras
  An ogre mage (D:15)
  A demonspawn (Orc:2)
  2 centaur warriors (D:13)
  3 merfolk avatars
  3 merfolk aquamancers (Shoals:4)
  5 two-headed ogres
  5 boulder beetles
  4 dancing weapons (Elf:1)
  An orc high priest (Orc:2)
  4 skysharks
  4 sea snakes
  A deep elf archer (Elf:1)
  9 deep elf pyromancers
  2 orc knights (Orc:2)
  A necromancer (D:15)
  A wolf spider zombie (D:15)
  6 deep elf zephyrmancers (Elf:1)
  16 orc sorcerers
  12 harpies
  11 ugly things
  7 fauns
  8 manticores
  6 cyclopes
  5 merfolk sirens
  An elephant (Lair:4)
  3 water nymphs
  A black mamba (Lair:1)
  A naga mage (D:15)
  3 centaur zombies (D:15)
  2 torpor snails (Lair:4)
  6 rime drakes
  A cane toad (Lair:4)
  4 komodo dragons
  3 unseen horrors
  An ice devil (Orc:2)
  A red devil (Orc:2)
  A tengu conjurer (D:15)
  22 merfolk
  13 trolls
  A hellwing (Orc:2)
  A polar bear (Lair:2)
  7 wind drakes
  5 dream sheep
  A raiju (shapeshifter) (D:13)
  5 snapping turtles
  16 blink frogs
  7 slime creatures
  A centaur simulacrum (D:15)
  2 air elementals (Elf:1)
  A shadow (D:10)
  3 water elementals
  2 basilisks
  39 yaks
  9 vampire mosquitoes
  3 wyverns
  3 fire elementals (D:12)
  7 steam dragons
  2 wargs (D:13)
  7 water moccasins
  2 sky beasts
  33 orc warriors
  2 black bears
  An ice beast (D:5)
  5 ogres
  4 wolves (Lair:4)
  A boggart (Elf:1)
  15 centaurs
  A phantom (D:4)
  A kobold brigand (D:11)
  An earth elemental (Elf:1)
  11 bullfrogs
  A gnoll sergeant (D:11)
  4 scorpions
  6 wights
  5 killer bees
  2 electric eels
  4 howler monkeys
  20 orc priests
  4 hounds
  A gnoll bouda (D:7)
  A sleepcap (D:6)
  An iguana (D:7)
  22 orc wizards
  Natasha (D:3)
  10 adders
  11 gnolls
  A shadow imp (D:5)
  5 worms
  4 dart slugs
  78 orcs
  4 endoplasms
  3 giant cockroaches
  10 hobgoblins
  6 jackals
  2 quokkas
  7 ball pythons
  2 bats
  5 frilled lizards
  9 goblins
  8 kobolds
  5 rats
638 creatures vanquished.

Vanquished Creatures (collateral kills)
  3 merfolk impalers
  Fannar (Lair:1)
  A hydra (Lair:4)
  A demonspawn (Orc:2)
  A merfolk aquamancer (Shoals:4)
  A dancing weapon (Elf:1)
  A satyr (Shoals:4)
  A two-headed ogre (D:11)
  3 sea snakes (Shoals:4)
  A wizard (Elf:1)
  5 harpies
  A deep elf pyromancer (Elf:1)
  An orc knight (Orc:2)
  3 deep elf zephyrmancers
  An orc sorcerer (Elf:1)
  6 fauns
  6 manticores
  3 cyclopes
  4 merfolk sirens
  A torpor snail (Lair:5)
  2 cane toads
  A water nymph (Shoals:4)
  A komodo dragon (Lair:5)
  A kobold demonologist (D:12)
  2 rime drakes (Lair:3)
  A tengu conjurer (Elf:1)
  5 merfolk
  A wind drake (Shoals:3)
  A polar bear (Lair:5)
  7 blink frogs
  2 snapping turtles (Shoals:4)
  3 dream sheep
  3 slime creatures
  A centaur simulacrum (D:15)
  3 water elementals
  10 yaks
  A fire elemental (Elf:1)
  3 steam dragons
  A vampire mosquito (D:12)
  2 wargs (Orc:1)
  2 water moccasins (Lair:1)
  A hell hound (D:12)
  4 orc warriors
  A black bear (D:11)
  7 centaurs (Shoals:4)
  2 ogres
  A wolf (Lair:4)
  A phantom (D:5)
  4 bullfrogs
  A gnoll sergeant (Orc:1)
  A scorpion (Lair:2)
  A howler monkey (D:8)
  3 orc priests (Orc:2)
  Natasha (twice) (D:3)
  3 gnolls
  25 orcs
  A bat (D:3)
  2 giant cockroaches (Lair:2)
  A goblin (D:8)
  2 kobolds (D:11)
  A ball python (D:3)
162 creatures vanquished.

Vanquished Creatures (others)
  A deep elf pyromancer (D:12)
  A manticore (D:12)
  A dancing weapon (Shoals:4)
  3 humans (D:12)
  A howler monkey (D:8)
  A kobold (D:11)
8 creatures vanquished.

Grand Total: 808 creatures vanquished

Notes
Turn   | Place    | Note
-------+----------+-------------------------------------------
     0 | D:1      | BarneyGumball the Mummy Hedge Wizard began the quest for
                  | the Orb.
     0 | D:1      | Reached XP level 1. HP: 13/13 MP: 5/5
    86 | D:1      | Reached skill level 1 in Conjurations
    86 | D:1      | Reached skill level 1 in Summonings
   386 | D:1      | Reached XP level 2. HP: 19/19 MP: 4/7
  1439 | D:2      | Found Rimoenlu's Weapon Shop.
  1475 | D:2      | Learned a level 2 spell: Call Imp
  1638 | D:2      | Found a shadowy altar of Dithmenos.
  1689 | D:2      | Reached XP level 3. HP: 23/24 MP: 1/8
  2055 | D:2      | Reached skill level 2 in Summonings
  2155 | D:2      | Reached XP level 4. HP: 29/30 MP: 1/10
  2399 | D:3      | Noticed an ogre
  2839 | D:3      | Noticed Natasha
  2858 | D:3      | Killed Natasha
  2981 | D:3      | Noticed Natasha
  2993 | D:3      | Killed Natasha
  2994 | D:3      | Reached XP level 5. HP: 30/35 MP: 4/11
  3069 | D:3      | Noticed Natasha
  3074 | D:3      | Killed Natasha
  3075 | D:3      | Reached skill level 3 in Summonings
  3366 | D:3      | Killed an ogre
  3367 | D:3      | Reached XP level 6. HP: 41/41 MP: 8/12
  3444 | D:4      | Found the +8 demon trident "Rift" {distort, reach+}
  3799 | D:4      | Reached skill level 4 in Summonings
  4139 | D:5      | Entered Level 5 of the Dungeon
  4291 | D:5      | Reached XP level 7. HP: 52/52 MP: 10/13
  4458 | D:5      | Reached skill level 1 in Polearms
  5086 | D:6      | Found Sytaygai's General Store.
  5089 | D:6      | Bought 3 scrolls of identify for 66 gold pieces
  5093 | D:6      | Identified a scroll of acquirement
  5099 | D:5      | Acquired the +3 warlock's mirror {omnireflect}
  5099 | D:5      | Found the +3 warlock's mirror {omnireflect}
  5139 | D:6      | Reached skill level 1 in Shields
  5149 | D:6      | Reached XP level 8. HP: 60/60 MP: 5/14
  5360 | D:6      | Found a staircase to the Ecumenical Temple.
  5369 | Temple   | Entered the Ecumenical Temple
  5412 | Temple   | Became a worshipper of Gozag Ym Sagoz the Greedy
  5687 | D:6      | Learned a level 3 spell: Call Canine Familiar
  6050 | D:6      | Identified the orb of Lagenuol {*Rage, Fly rElec rF+ rCorr}
  6535 | D:7      | Reached skill level 5 in Summonings
  6843 | D:7      | Reached XP level 9. HP: 65/65 MP: 9/15
  6847 | D:7      | Reached skill level 5 in Polearms
  6963 | D:7      | Noticed an ice statue
  7055 | D:8      | Reached skill level 6 in Summonings
  7169 | D:8      | Found a flagged portal.
  7178 | Bailey   | Entered a bailey
  7648 | Bailey   | Reached skill level 7 in Summonings
  7758 | Bailey   | Reached XP level 10. HP: 71/71 MP: 10/16
  8471 | D:8      | Learned a level 2 spell: Blink
  8475 | D:8      | Learned a level 3 spell: Mephitic Cloud
  8524 | D:8      | Reached skill level 1 in Translocations
  9417 | D:9      | Identified the +10 chain mail "Peihog" {rPois rN+++ Will-
                  | Str-2}
  9825 | D:9      | Found a shadowy altar of Dithmenos.
 10247 | D:10     | Entered Level 10 of the Dungeon
 10494 | D:9      | Reached skill level 5 in Fighting
 10729 | D:9      | Bought a pair of runed boots for 210 gold pieces
 10777 | D:10     | Reached XP level 11. HP: 59/80 MP: 9/17
 11318 | D:11     | Noticed a cyan ugly thing
 11599 | D:11     | Noticed a two-headed ogre
 11611 | D:11     | Killed a two-headed ogre
 11741 | D:11     | Found a staircase to the Lair.
 11745 | D:11     | Reached skill level 1 in Air Magic
 11745 | D:11     | Reached skill level 1 in Poison Magic
 11805 | D:11     | Noticed a two-headed ogre
 11811 | D:11     | Killed a two-headed ogre
 11812 | D:11     | Reached skill level 1 in Earth Magic
 11916 | D:11     | Reached skill level 5 in Spellcasting
 11999 | D:11     | Noticed a two-headed ogre
 11999 | D:11     | Noticed a two-headed ogre
 12008 | D:11     | Killed a two-headed ogre
 12011 | D:11     | Killed a two-headed ogre
 12145 | D:11     | Noticed a cyan ugly thing
 12151 | D:11     | Banished a cyan ugly thing
 12170 | D:11     | Killed a cyan ugly thing
 12241 | D:11     | Noticed a centaur warrior
 12314 | D:11     | Reached skill level 5 in Conjurations
 12328 | D:11     | Learned a level 3 spell: Stone Arrow
 12406 | D:11     | Noticed a boulder beetle
 12501 | Lair:1   | Entered Level 1 of the Lair of Beasts
 12998 | Lair:1   | Reached XP level 12. HP: 75/88 MP: 4/19
 13615 | Lair:1   | Noticed Fannar
 13629 | Lair:1   | Killed Fannar
 14072 | Lair:2   | Found a hole to the Spider Nest.
 14088 | Lair:2   | Noticed a six-headed hydra
 14181 | Lair:1   | Reached skill level 5 in Earth Magic
 14409 | Lair:2   | Reached skill level 1 in Armour
 14729 | D:9      | Bought a shiny helmet for 210 gold pieces
 15228 | Lair:2   | Found a staircase to the Shoals.
 15287 | Lair:2   | Killed a six-headed hydra
 16372 | Lair:3   | Noticed a seven-headed hydra
 16385 | Lair:3   | Killed a seven-headed hydra
 16894 | Lair:3   | Gained mutation: You are strongly in touch with the powers
                  | of death. [Mummy growth]
 16894 | Lair:3   | Reached XP level 13. HP: 81/98 MP: 19/24
 18316 | Lair:4   | Reached skill level 5 in Dodging
 18602 | Lair:4   | You are sucked into a shaft and drop 1 floor!
 18602 | Lair:5   | Entered Level 5 of the Lair of Beasts
 18639 | Lair:5   | Reached skill level 10 in Fighting
 18859 | Lair:4   | Reached skill level 5 in Shields
 19206 | Lair:3   | Bought an amulet of regeneration for 480 gold pieces
 20259 | D:12     | Noticed Azrael
 20340 | D:11     | Upgraded the game from 0.31-a0-662-g6845736 to
                  | 0.31-a0-672-g7da7244
 20613 | D:12     | Reached XP level 14. HP: 110/110 MP: 21/26
 20636 | D:12     | Noticed Kirke
 20655 | D:11     | Killed Kirke
 20970 | D:12     | Identified the ring of Paihasob {Fire +Blink rElec Dex-4
                  | Stlth-}
 22106 | D:13     | Noticed an ironbound thunderhulk
 22807 | D:12     | Found a staircase to the Orcish Mines.
 22813 | Orc:1    | Entered Level 1 of the Orcish Mines
 22858 | Orc:1    | Reached skill level 10 in Polearms
 22967 | Orc:1    | Found Hukhleghi's Jewellery Shoppe.
 23190 | Orc:2    | Entered Level 2 of the Orcish Mines
 23251 | Orc:2    | Noticed Donald
 23325 | Orc:1    | Found a transporter.
 23338 | Orc:1    | Found a transporter.
 23340 | Orc:1    | Noticed an orc warlord
 23344 | Orc:1    | Noticed Xoyrphia's ghost (journeyman HuWn)
 23355 | Orc:1    | Reached skill level 1 in Ice Magic
 23357 | Orc:1    | Noticed an orc warlord
 23641 | Orc:2    | Found a runed translucent gate.
 23645 | Orc:2    | Found a runed translucent gate.
 23645 | Orc:2    | Noticed Dorkslayer's ghost (journeyman HOFi)
 23646 | Orc:2    | Found a runed translucent gate.
 23648 | Orc:2    | Found an iron altar of Okawaru.
 23740 | Orc:2    | Noticed an orc warlord
 23764 | Orc:2    | Banished an orc warlord
 23941 | Orc:2    | Found a staircase to the Elven Halls.
 24087 | Orc:2    | Found Ympumu Wexa's General Store.
 24304 | Orc:2    | Found Zorram's Magic Scroll Boutique.
 24416 | Orc:2    | Bought a scroll of teleportation for 39 gold pieces
 25315 | Orc:2    | Reached skill level 5 in Ice Magic
 25353 | Orc:2    | Found Kilicun's Jewellery Shoppe.
 25353 | Orc:2    | Found Udenwydy's Antique Weapon Emporium.
 25354 | Orc:2    | Found a one-way gate leading to the halls of Pandemonium.
 25530 | Orc:1    | Found a bloodstained altar of Trog.
 25549 | Orc:2    | Learned a level 3 spell: Frozen Ramparts
 25832 | Orc:1    | Banished an orc warlord
 26515 | D:14     | Reached XP level 15. HP: 90/115 MP: 24/27
 27349 | D:15     | Entered Level 15 of the Dungeon
 27379 | D:15     | Reached skill level 1 in Hexes
 27791 | D:15     | Learned a level 5 spell: Summon Mana Viper
 27836 | D:15     | Reached skill level 8 in Summonings
 28487 | D:15     | Found a staircase to the Depths.
 29153 | Shoals:1 | Entered Level 1 of the Shoals
 29189 | Shoals:1 | Found Zixziyfo's Assorted Antiques.
 29206 | Shoals:1 | Bought a scroll of summoning for 323 gold pieces
 29264 | Shoals:1 | Found Coefeu's Armour Shop.
 29290 | Shoals:1 | Bought the +1 leather armour "Qeuqatott" {rC+ rN+} for 428
                  | gold pieces
 29382 | Shoals:1 | Reached skill level 5 in Hexes
 29393 | Shoals:1 | Found Immow's Assorted Antiques.
 29447 | Shoals:1 | Reached skill level 9 in Summonings
 29639 | Shoals:1 | Found Elesapif's Assorted Antiques.
 29687 | Shoals:1 | Reached skill level 10 in Summonings
 30122 | Shoals:2 | Reached skill level 11 in Summonings
 30140 | Shoals:2 | Found Loottee's Antique Armour Emporium.
 30627 | Shoals:3 | Noticed Ilsuiw
 30627 | Shoals:3 | Found a transporter.
 30667 | Shoals:3 | Noticed Aizul
 30670 | Shoals:3 | Noticed Bai Suzhen
 31005 | Shoals:3 | Reached skill level 12 in Summonings
 31034 | Shoals:3 | Reached XP level 16. HP: 76/122 MP: 12/28
 31164 | Shoals:4 | Entered Level 4 of the Shoals
 31293 | Shoals:3 | Identified the +3 hand axe "Haluh" {venom, *Noise rPois
                  | rCorr Int+2}
 31387 | Shoals:3 | Found a transporter.
 31442 | Shoals:3 | Killed Aizul
 31448 | Shoals:3 | Banished Ilsuiw
 31573 | Shoals:3 | Found a runed translucent gate.
 31573 | Shoals:3 | Found a runed translucent gate.
 31573 | Shoals:3 | Found a runed translucent gate.
 31578 | Shoals:3 | Noticed Loups's ghost (adept GnWn)
 32071 | Shoals:4 | Reached skill level 13 in Summonings
 32312 | Shoals:3 | Upgraded the game from 0.31-a0-672-g7da7244 to
                  | 0.31-a0-675-g238779e
 33345 | Shoals:4 | Reached skill level 10 in Spellcasting
 33346 | Shoals:4 | Identified the +11 orcbow of the Nexus {flame, Dex+3}
 34029 | Shoals:4 | Learned a level 7 spell: Monstrous Menagerie
 34033 | Shoals:4 | Learned a level 3 spell: Tukima's Dance
 34318 | Shoals:4 | Reached skill level 14 in Summonings
 34481 | Shoals:4 | Got a barnacled rune of Zot
 35084 | Elf:1    | Entered Level 1 of the Elven Halls
 35277 | Lair:3   | Bought the ring "Fuxith" {rPois rC+ Will+} for 691 gold
                  | pieces
 35593 | Elf:1    | Noticed Louise
 35622 | Elf:1    | Killed Louise
 35631 | Elf:1    | Reached XP level 17. HP: 85/129 MP: 10/32
 36086 | Elf:1    | Paralysed by an air elemental for 1 turns
 36270 | Elf:1    | Paralysed by an air elemental for 1 turns
 36412 | Elf:1    | Shot with an arrow by a deep elf knight

Illustrated notes

Levels and vault maps discovered:
D:1:      sevenhm_arrival_forest_fort_large_2, layout_basic
D:2:      layout_loops_ring, serial_shops, shop_fountains, basic_altar
D:3:      layout_rooms, serial_park_tiny_pond, uniq_natasha
D:4:      layout_basic, minmay_misc_feat_doors
D:5:      layout_loops_corners
D:6:      layout_cave_pods, minmay_temple_entry_large_hall, serial_shops,
          nicolae_stop_n_shop_1, chequers_serial_rivers_small_b
D:7:      lemuel_ice_statue, layout_gridville
D:8:      layout_loops_corners, enter_bailey_5, st_stairs_12,
          kennysheep_minor_cross
D:9:      layout_irregular_city, nicolae_dithmenos_the_darkroom,
          item_on_display_a
D:10:     layout_roguey, fungi_pond_lemuel
D:11:     minmay_inside_and_out, layout_loops_ring,
          grunt_lair_entry_orc_guard_hut, grunt_decor_arrowhead,
          corexii_hall_statues_deadend
D:12:     layout_irregular_city, hiddenorc1_lemuel, uniq_azrael, uniq_kirke
D:13:     layout_stronghold, hellmonk_vaults_keyhole, nooodl_orcs_dogs
D:14:     layout_loops_corners, minmay_crystal_room
D:15:     grunt_enter_depths_magical_seal, layout_loops_ring,
          hangedman_abyss_or_decor_clamps, minmay_misc_feat_tower,
          minmay_fractal_squares_diagonal_5
Temple:   kilobyte_greek_temple
Lair:1:   layout_small_grid, grunt_megastairs_2, uniq_fannar
Lair:2:   layout_small_grid, shoals_dummy_entry,
          nicolae_spider_entry_non_spiders, infiniplex_staircase_pool_2
Lair:3:   layout_hall_layers, bobbens_dragon_lair_wall, grunt_megastairs_5,
          lemuel_fruit_tree
Lair:4:   layout_loops_ring, st_stairs_3
Lair:5:   gammafunk_lair_ancient_temple, layout_concentric_octagons,
          slime_entry_1, gammafunk_ghost_hydra_chop, lemuel_fruit_fields
Shoals:1: layout_shoals, serial_shops, shop, shop, shop,
          nicolae_shop_competitors_out_of_business,
          nicolae_shoals_hidden_pirate_stash
Shoals:2: layout_shoals, serial_shops, shop_fountains
Shoals:3: gammafunk_sealed_arena, layout_shoals, gammafunk_ghost_tricky_traps,
          uniq_aizul, uniq_ilsuiw, uniq_bai_suzhen
Shoals:4: shoals_end_simple, layout_shoals, portal_ice_cave_entry_pillars_three,
          nicolae_shoals_shepherds
Orc:1:    layout_diamond_mine, serial_shops, nicolae_shop_gaudy_bauble,
          gammafunk_ghost_wrathful_warriors, basic_altar
Orc:2:    pf_orc_diabolical, layout_diamond_mine,
          gammafunk_ghost_fury_of_okawaru, uniq_donald
Elf:1:    eino_elf_arrival_shootout, layout_gridlike, basic_altar,
          hangedman_elf_disciples, uniq_louise

Skill      XL: |  1  2  3  4  5  6  7  8  9 10 11 12 13 14 15 16 |
---------------+-------------------------------------------------+-----
Conjurations   | 1 2 3 4 5 6 |  6.0
Summonings     | 1 2 3 4 5 7 12 14 | 14.3
Fighting       | 3 4 5 6 8 10 | 10.7
Polearms       | 3 4 7 8 11 12 | 12.5
Shields        | 1 3 4 6 |  6.0
Translocations | 4 |  4.0
Dodging        | 3 4 7 |  7.7
Stealth        | 3 4 |  4.0
Air Magic      | 3 4 |  4.0
Poison Magic   | 2 4 |  4.0
Earth Magic    | 3 5 |  5.0
Spellcasting   | 5 7 8 11 | 11.0
Armour         | 4 |  4.0
Ice Magic      | 5 |  5.0
Hexes          | 6 8 |  8.0

Action                     |  1- 3 |  4- 6 |  7- 9 | 10-12 | 13-15 | 16-18 || total
---------------------------+-------+-------+-------+-------+-------+-------++-------
  Melee: Dagger            |     4 |       |       |       |       |       ||     4
         Short sword       |    35 |    17 |       |       |       |       ||    52
         Demon trident     |       |    36 |   172 |   506 |  1169 |   480 ||  2363
  Throw: Dart              |       |       |       |     3 |     1 |     6 ||    10
   Cast: Magic Dart        |    86 |    87 |    53 |    55 |    72 |    17 ||   370
         Call Imp          |       |    13 |    30 |    93 |   191 |    49 ||   376
         Call Canine Famil |       |       |    18 |   127 |   237 |    68 ||   450
         Blink             |       |       |       |     3 |     2 |     1 ||     6
         Mephitic Cloud    |       |       |       |     4 |    13 |     5 ||    22
         Stone Arrow       |       |       |       |     5 |     7 |     3 ||    15
         Frozen Ramparts   |       |       |       |       |    12 |     4 ||    16
         Summon Mana Viper |       |       |       |       |       |    80 ||    80
         Tukima's Dance    |       |       |       |       |       |     5 ||     5
 Invoke: Potion Petition   |       |       |     1 |       |     2 |     3 ||     6
         Call Merchant     |       |       |       |     1 |     3 |       ||     4
  Evoke: Wand              |       |       |       |       |     2 |       ||     2
    Use: Scroll            |       |       |     8 |    10 |    16 |     4 ||    38
   Stab: Sleeping          |       |     3 |     1 |     4 |     6 |       ||    14
         Distracted        |       |       |     1 |     8 |    22 |     9 ||    40
         Confused          |       |       |       |     1 |     3 |       ||     4
         Paralysed         |       |       |       |       |     2 |       ||     2
 Armour: Robe              |    21 |    25 |    33 |    88 |   233 |   131 ||   531
         Leather armour    |       |       |       |       |   112 |    82 ||   194
  Dodge: Dodged            |    32 |    23 |    23 |   112 |   390 |   181 ||   761
  Block: Buckler           |       |       |    10 |    43 |   219 |    99 ||   371
         Reflection        |       |       |     2 |     7 |    41 |    36 ||    86

Table legend: (Time is in decaauts)
 A = Elapsed time spent in this place.
 B = Non-inter-level travel time spent in this place.
 C = Inter-level travel time spent in this place.
 D = Time resting spent in this place.
 E = Time spent auto-exploring this place.
 F = Levels seen in this place.
 G = Mean time per level.
                   A        B        C        D        E       F      G
               +--------+--------+--------+--------+--------+-----+--------+
         Total |  36097 |  33117 |   2980 |   6264 |  14886 |  29 | 1244.7 |
       Dungeon |  17929 |  16677 |   1252 |   1910 |  10128 |  15 | 1195.3 |
        Temple |     85 |      2 |     83 |      0 |      0 |   1 |   85.0 |
          Lair |   7463 |   6812 |    651 |   1208 |   3749 |   5 | 1492.6 |
        Shoals |   5573 |   5109 |    464 |   2080 |     18 |   4 | 1393.2 |
  Orcish Mines |   3346 |   2817 |    529 |    578 |    864 |   2 | 1673.0 |
   Elven Halls |    941 |    941 |      0 |    333 |     73 |   1 |  941.0 |
        Bailey |    757 |    757 |      0 |    155 |     54 |   1 |  757.0 |
               +--------+--------+--------+--------+--------+-----+--------+

Top non-repeatable levels by time:
   Orc:2: 2483 daAuts
Shoals:4: 2482 daAuts
  Lair:3: 2104 daAuts
  Lair:1: 2005 daAuts
    D:11: 1963 daAuts
  Lair:2: 1902 daAuts
    D:12: 1635 daAuts
    D:15: 1626 daAuts
     D:9: 1408 daAuts
  Lair:4: 1379 daAuts
     D:1: 1378 daAuts
Shoals:3: 1366 daAuts
     D:8: 1301 daAuts
     D:2: 1262 daAuts
    D:14: 1196 daAuts
